 Dungeon Crawl Stone Soup version 0.26.1-11-gd32895ea62 (webtiles) character file.

Game seed: 9342219563143842816

15032 Almogavar the Carver (level 11, -7/99 (104) HPs)
             Began as a Minotaur Berserker on July 5, 2021.
             Was a High Priest of Trog.
             Killed from afar by an orc sorcerer (29 damage)
             ... with a bolt of fire
             ... while paralysed by an orc sorcerer
             ... on level 2 of the Orcish Mines.
             The game lasted 00:35:22 (11269 turns).

Almogavar the Carver (Minotaur Berserker)          Turns: 11269, Time: 00:35:22

HP:   -7/99 (104)   AC:  7    Str: 35    XL:     11   Next: 96%
MP:   10/10         EV:  2    Int:  6    God:    Trog [*****.]
Gold: 637           SH:  0    Dex: 10    Spells: 10/10 levels left

rFire    . . .     SeeInvis .   F - +9 falchion of Beastly Responsibility {flame, *Rage rC+ Str+3 Int+2}
rCold    + + .     Faith    .   (no shield)
rNeg     . . .     Spirit   .   v - +0 leather armour of Optimism {Will+ rCorr Str+7 Stlth-}
rPois    +         Reflect  .   (helmet restricted)
rElec    .         Harm     .   (no cloak)
rCorr    +         Rampage  .   (no gloves)
Will     +....     Rnd*Rage +   (no boots)
Stlth    ..........             l - amulet of regeneration
HPRegen  0.66/turn              i - +4 ring of protection
MPRegen  0.12/turn              E - ring "Venlukego" {rPois rC+}

@: paralysed, lightly drained
A: retaliatory headbutt, horns 2
a: Renounce Religion, Berserk, Trog's Hand, Brothers in Arms


You were on level 2 of the Orcish Mines.
You worshipped Trog.
Trog was extremely pleased with you.
You visited 2 branches of the dungeon, and saw 12 of its levels.

You collected 1181 gold pieces.
You spent 544 gold pieces at shops.

Inventory:

Hand Weapons
 j - the +7 long sword "Qafonoo" {flame, *Rage rElec rF+ Int+3 Dex+3}
   (Trog gifted it to you on level 10 of the Dungeon)

   It has been specially enchanted to burn those struck by it, causing extra
   injury to most foes and up to half again as much damage against particularly
   susceptible opponents.
   Big, fiery blades are also staple armaments of hydra-hunters.
   It affects your intelligence (+3).
   It affects your dexterity (+3).
   It protects you from fire.
   It insulates you from electricity.
   It may make you go berserk in combat.
 D - a +3 long sword
 F - the +9 falchion of Beastly Responsibility (weapon) {flame, *Rage rC+ Str+3 Int+2}
   (You found it on level 2 of the Orcish Mines)

   It has been specially enchanted to burn those struck by it, causing extra
   injury to most foes and up to half again as much damage against particularly
   susceptible opponents.
   Big, fiery blades are also staple armaments of hydra-hunters.
   It affects your strength (+3).
   It affects your intelligence (+2).
   It protects you from cold.
   It may make you go berserk in combat.
 G - a +3 triple sword of flaming
Armour
 c - a cursed -2 chain mail
 t - a +0 scale mail
 v - the +0 leather armour of Optimism (worn) {Will+ rCorr Str+7 Stlth-}
   (You found it on level 4 of the Dungeon)

   It affects your strength (+7).
   It affects your willpower, your defense against some magical effects.
   It provides partial protection from all sources of acid and corrosion.
   It makes you less stealthy.
 C - a +0 ring mail of fire resistance
Jewellery
 i - a +4 ring of protection (left hand)
 l - an amulet of regeneration (around neck)
 s - an uncursed ring of positive energy
 E - the ring "Venlukego" (right hand) {rPois rC+}
   (You bought it in a shop on level 1 of the Orcish Mines)

   [ring of poison resistance]

   It protects you from cold.
   It protects you from poison.
Wands
 g - a wand of polymorph (4)
 h - a wand of disintegration (11)
 m - a wand of flame (22)
 r - a wand of random effects (17)
 x - a wand of iceblast (11)
Scrolls
 a - 3 scrolls of fear {unknown}
 d - 2 scrolls of magic mapping
 e - 3 scrolls of teleportation
 o - a scroll of brand weapon {unknown}
 q - 2 scrolls of remove curse {unknown}
 u - 2 scrolls of enchant armour {unknown}
 w - 2 scrolls of blinking {unknown}
 y - a scroll of summoning {unknown}
 A - a scroll of identify
 B - a scroll of noise {unknown}
Potions
 b - 8 potions of curing
 f - a potion of berserk rage
 k - a potion of might
 n - a potion of flight
 p - a potion of resistance {unknown}
 z - a potion of heal wounds {unknown}


   Skills:
 + Level 11.8 Fighting
 - Level 14.4 Long Blades
 + Level 6.7 Armour
 + Level 10.4 Dodging
 * Level 4.4 Evocations


You had 10 spell levels left.
You didn't know any spells.
Your spell library was empty.

Dungeon Overview and Level Annotations

Branches:
Dungeon (10/15)            Temple (0/1) D:6            Lair (0/6) D:9
    Orc (2/2) D:10            Elf (0/3) Orc:2

Altars:
Ashenzari
Elyvilon
Fedhas
Gozag
Kikubaaqudgha
Nemelex Xobeh
Okawaru
Qazlal
Sif Muna
Trog
Vehumet
Xom
Yredelemnul
The Shining One
Beogh

Shops:
D:5 :   Orc:1 =


Innate Abilities, Weirdness & Mutations

You reflexively headbutt those who attack you in melee.
You have a pair of horns on your head.


Message History

You burn the orc sorcerer.
You kill the orc sorcerer!
Trog accepts your kill.
Trog appreciates your killing of a magic user.
The orc sorcerer hits you with a +0 dagger.
You miss the orc sorcerer. You headbutt the orc sorcerer.
The orc sorcerer is lightly wounded.
The orc sorcerer gestures at you while chanting.
The bolt of negative energy hits you!!
You feel drained.
* * * LOW HITPOINT WARNING * * *
The orc wizard hits you but does no damage.
You slash the orc sorcerer! You burn the orc sorcerer.
Your headbutt misses the orc sorcerer.
The orc sorcerer is severely wounded.
The orc sorcerer gestures at you while chanting.
You suddenly lose the ability to move!
The orc wizard hits you but does no damage.
The orc sorcerer gestures at you while chanting.
The bolt of fire hits you!!
You die...

§§§≈§§≈≈≈≈≈≈≈§§§§§
##############§... §
#≈.8..8..8.≈##≈§.. ..
#§.........≈##..8. ...
#§§§.......≈##..).
#'#'###...# #...###'#'
#.......§§#####§§...))).
......o§.§≈§≈≈≈§§..)[)..
.8.....@o)..§)).§......8
.#.......)...).........#
#_.....###+++###....._#
###8..## ##..8### ≈≈§§§#
##§.§≈ #§§§# ##≈≈≈# ####
#####


You could see an orc sorcerer and an orc wizard.

Vanquished Creatures
  An ettin (Orc:1)
  A two-headed ogre (D:9)
  An ogre mage (Orc:2)
  Nergalle (Orc:2)
  Pikel (D:6)
  4 orc sorcerers (Orc:2)
  A manticore (D:8)
  A troll (D:9)
  A wyvern (D:8)
  A wraith (D:10)
  A ynoxinul (D:9)
  5 yaks (D:10)
  Eustachio (D:4)
  Edmund (D:6)
  5 wargs
  15 orc warriors
  4 ice beasts
  3 sky beasts
  11 ogres
  A necrophage (D:5)
  2 centaurs
  An elf zombie (D:10)
  8 bullfrogs
  6 scorpions
  6 killer bees (D:9)
  16 wights
  An electric eel (Orc:1)
  5 howler monkeys
  A centaur zombie (D:6)
  5 jellies
  A quasit (D:7)
  13 orc priests
  A bullfrog skeleton (D:7)
  2 human zombies (D:10)
  A centaur skeleton (D:9)
  3 hounds
  A human skeleton (D:10)
  3 iguanas
  Natasha (thrice) (D:2)
  27 orc wizards
  8 worker ants
  A killer bee zombie (D:5)
  A hound zombie (D:7)
  3 mummies (D:10)
  A worker ant zombie (D:8)
  Robin (D:2)
  15 gnolls
  7 adders
  3 shadow imps
  4 white imps
  3 ufetubi
  An ooze (D:4)
  2 adder zombies (D:6)
  3 worms
  3 leopard geckos
  83 orcs
  2 ball pythons
  8 giant cockroaches
  15 goblins
  12 hobgoblins
  20 jackals
  4 quokkas
  7 bats
  7 frilled lizards
  15 kobolds
  An orc skeleton (D:10)
  2 quokka skeletons
  15 rats
413 creatures vanquished.

Vanquished Creatures (collateral kills)
  2 orc wizards (Orc:2)
2 creatures vanquished.

Vanquished Creatures (others)
  An orc (Orc:2)
1 creature vanquished.

Grand Total: 416 creatures vanquished

Notes
Turn   | Place    | Note
-------+----------+-------------------------------------------
     0 | D:1      | Almogavar the Minotaur Berserker began the quest for the
                  | Orb.
     0 | D:1      | Reached XP level 1. HP: 19/19 MP: 0/0
   245 | D:1      | Reached XP level 2. HP: 17/27 MP: 1/1
   420 | D:1      | Reached skill level 4 in Long Blades
   943 | D:1      | Reached ** piety under Trog
   946 | D:1      | Reached XP level 3. HP: 25/33 MP: 2/2
  1672 | D:2      | Found a broken altar of Ashenzari.
  1674 | D:2      | Noticed Natasha
  1682 | D:2      | Killed Natasha
  1683 | D:2      | Reached skill level 5 in Long Blades
  1683 | D:2      | Reached XP level 4. HP: 41/41 MP: 3/3
  1830 | D:2      | Noticed Robin
  1863 | D:2      | Killed Robin
  2067 | D:2      | Noticed Natasha
  2071 | D:2      | Killed Natasha
  2072 | D:2      | Reached XP level 5. HP: 34/47 MP: 4/4
  2366 | D:2      | Noticed Natasha
  2369 | D:2      | Reached *** piety under Trog
  2379 | D:2      | Killed Natasha
  2641 | D:3      | Reached skill level 6 in Long Blades
  2944 | D:3      | Found a glowing golden altar of the Shining One.
  3049 | D:3      | Found an iron altar of Okawaru.
  3053 | D:3      | Reached skill level 5 in Fighting
  3055 | D:3      | Reached XP level 6. HP: 47/56 MP: 5/5
  3290 | D:4      | Noticed Eustachio
  3310 | D:4      | Killed Eustachio
  3311 | D:4      | Reached skill level 7 in Long Blades
  3349 | D:4      | Found a stormy altar of Qazlal.
  3358 | D:4      | Noticed an air elemental
  3361 | D:4      | Noticed a fire elemental
  3361 | D:4      | Noticed a water elemental
  3394 | D:4      | Reached XP level 7. HP: 53/61 MP: 6/6
  3425 | D:4      | Reached **** piety under Trog
  3479 | D:4      | Reached skill level 8 in Long Blades
  3790 | D:4      | Found a bloodstained altar of Trog.
  3852 | D:4      | Got a faintly glowing leather armour
  3863 | D:4      | Identified the +0 leather armour of Optimism {Will+ rCorr
                  | Str+7 Stlth-} (You found it on level 4 of the Dungeon)
  4046 | D:4      | Reached skill level 5 in Dodging
  4046 | D:4      | Reached XP level 8. HP: 68/70 MP: 7/7
  4171 | D:4      | Found a blossoming altar of Fedhas.
  4217 | D:5      | Entered Level 5 of the Dungeon
  4245 | D:5      | Found Iziom's Book Emporium.
  4433 | D:5      | Reached skill level 9 in Long Blades
  5111 | D:5      | Found a sparkling altar of Nemelex Xobeh.
  5196 | D:6      | Found a staircase to the Ecumenical Temple.
  5221 | D:6      | Reached skill level 10 in Long Blades
  5244 | D:6      | Noticed Edmund
  5256 | D:6      | Killed Edmund
  5409 | D:6      | Reached XP level 9. HP: 76/78 MP: 8/8
  5493 | D:6      | Noticed Pikel
  5503 | D:6      | Killed Pikel
  5504 | D:6      | Reached skill level 5 in Armour
  5883 | D:6      | Reached ***** piety under Trog
  6025 | D:7      | Found a radiant altar of Vehumet.
  6025 | D:7      | Found a shimmering altar of Xom.
  6035 | D:7      | Reached skill level 11 in Long Blades
  6391 | D:7      | Found an opulent altar of Gozag.
  6392 | D:7      | Found a sparkling altar of Nemelex Xobeh.
  6492 | D:7      | Received a gift from Trog
  7054 | D:8      | Reached skill level 12 in Long Blades
  7066 | D:8      | Found a white marble altar of Elyvilon.
  7081 | D:8      | Noticed a manticore
  7085 | D:8      | Killed a manticore
  7086 | D:8      | Reached XP level 10. HP: 57/90 MP: 9/9
  7494 | D:8      | Found an opulent altar of Gozag.
  8013 | D:9      | Found a staircase to the Lair.
  8198 | D:9      | Noticed a two-headed ogre
  8204 | D:9      | Killed a two-headed ogre
  8205 | D:9      | Reached skill level 13 in Long Blades
  8552 | D:9      | Found a bloodstained altar of Trog.
  8617 | D:9      | Found a shimmering blue altar of Sif Muna.
  8620 | D:9      | Identified Sif Muna's Volume of Ensnaring Venom
  8687 | D:10     | Entered Level 10 of the Dungeon
  8813 | D:10     | Reached skill level 14 in Long Blades
  8817 | D:10     | Received a gift from Trog
  8822 | D:10     | Got a polished long sword {god gift}
  8823 | D:10     | Identified the +7 long sword "Qafonoo" {flame, *Rage rElec
                  | rF+ Int+3 Dex+3} (Trog gifted it to you on level 10 of the
                  | Dungeon)
  8959 | D:10     | Reached XP level 11. HP: 99/99 MP: 10/10
  8978 | D:10     | Found a basalt altar of Yredelemnul.
  9478 | D:10     | Found a staircase to the Orcish Mines.
  9762 | Orc:1    | Entered Level 1 of the Orcish Mines
  9766 | Orc:1    | Reached skill level 1 in Evocations
  9769 | Orc:1    | Reached skill level 10 in Fighting
  9998 | Orc:1    | Noticed an ettin
 10009 | Orc:1    | Killed an ettin
 10143 | Orc:1    | Found a roughly hewn altar of Beogh.
 10173 | Orc:1    | Found Oxi Fukk's Jewellery Boutique.
 10202 | Orc:1    | Bought the ring "Venlukego" {rPois rC+} for 544 gold pieces
 10427 | Orc:2    | Entered Level 2 of the Orcish Mines
 10431 | Orc:2    | Found a staircase to the Elven Halls.
 10767 | Orc:2    | Got a shimmering falchion
 10768 | Orc:2    | Identified the +9 falchion of Beastly Responsibility
                  | {flame, *Rage rC+ Str+3 Int+2} (You found it on level 2 of
                  | the Orcish Mines)
 10780 | Orc:2    | Reached ****** piety under Trog
 10992 | Orc:2    | Noticed an orc sorcerer
 11000 | Orc:2    | Killed an orc sorcerer
 11058 | Orc:2    | Found an ancient bone altar of Kikubaaqudgha.
 11058 | Orc:2    | Noticed an orc sorcerer
 11058 | Orc:2    | Noticed Nergalle
 11069 | Orc:2    | Killed an orc sorcerer
 11069 | Orc:2    | Received a gift from Trog
 11084 | Orc:2    | Killed Nergalle
 11085 | Orc:2    | Reached skill level 10 in Dodging
 11191 | Orc:2    | Noticed an ogre mage
 11196 | Orc:2    | Killed an ogre mage
 11199 | Orc:2    | Noticed an orc sorcerer
 11217 | Orc:2    | Noticed an orc sorcerer
 11220 | Orc:2    | Killed an orc sorcerer
 11255 | Orc:2    | Noticed an orc sorcerer
 11259 | Orc:2    | Found a radiant altar of Vehumet.
 11264 | Orc:2    | Killed an orc sorcerer
 11268 | Orc:2    | Paralysed by an orc sorcerer for 4 turns
 11269 | Orc:2    | Killed from afar by an orc sorcerer

Illustrated notes

Levels and vault maps discovered:
D:1:      minmay_arrival_widening_spiral_wide, layout_basic
D:2:      layout_loops_corners, serial_bayou_lagoon_a, evilmike_ruin_ashenzari,
          uniq_natasha, uniq_robin
D:3:      layout_loops_ring, nicolae_overflow_hidden_temple, skrybe_limestone_x,
          okawaru_ov_weapons_minmay
D:4:      layout_gridville, lemuel_coloured_pillars_altar,
          nicolae_qazlal_style_of_elements, trog_butcher_becter, uniq_eustachio
D:5:      layout_basic, serial_shops, nicolae_shop_crystal,
          nemelex_lonely_heart_becter
D:6:      layout_basic, minmay_temple_entry_slanted, uniq_pikel, uniq_edmund
D:7:      layout_loops_cross, grunt_temple_overflow_opulence,
          chequers_temple_overflow_statue_of_worship
D:8:      layout_basic, minivault_25, nicolae_sextant, kennysheep_flooded_box,
          nicolae_gozag_cash_rules_everything_around_me
D:9:      minmay_evil_eye, layout_rooms, nzn_overflow_gifts_of_might_and_magic,
          lair_entry_dummy
D:10:     layout_stronghold, orc_0_dummy, lemuel_mausoleum_altar_yredelemnul
Orc:1:    layout_caves, serial_shops, shop, basic_altar,
          nicolae_orc_flooded_monolith
Orc:2:    kennysheep_orc_mage_school, layout_caves, nicolae_orc_rockfall,
          nicolae_orc_sculptors_studio, nicolae_orc_stony_grotto,
          nooodl_orcs_dogs

Skill      XL: |  1  2  3  4  5  6  7  8  9 10 11 |
---------------+----------------------------------+-----
Fighting       | 4 5 6 8 9 11 | 11.8
Long Blades    | 4 5 6 7 8 10 12 14 | 14.4
Armour         | 3 4 5 6 |  6.7
Dodging        | 3 5 6 8 9 10 | 10.4
Evocations     | 4 |  4.4

Action                   |  1- 3 |  4- 6 |  7- 9 | 10-12 || total
-------------------------+-------+-------+-------+-------++-------
Melee: Falchion          |    95 |   130 |   249 |    65 ||   539
       Headbutt          |    14 |    19 |    83 |    83 ||   199
       Great sword       |       |       |    45 |   100 ||   145
       Long sword        |       |       |       |   132 ||   132
Invok: Berserk           |       |       |     3 |       ||     3
       Trog's Hand       |       |       |       |     1 ||     1
       Brothers in Arms  |       |       |       |     1 ||     1
Evoke: Wand              |       |       |     1 |       ||     1
  Use: Scroll            |       |     3 |     3 |     7 ||    13
 Stab: Sleeping          |       |     1 |       |       ||     1
Armor: Animal skin       |     9 |       |       |       ||     9
       Leather armour    |    22 |    51 |    68 |    66 ||   207
Dodge: Dodged            |    67 |    84 |   215 |   209 ||   575
       Rpst.: Falchion   |    15 |    17 |    39 |    15 ||    86
       Great sword       |       |       |     5 |    27 ||    32
       Long sword        |       |       |       |    20 ||    20
